 Dungeon Crawl Stone Soup version 0.25-a0-290-g4a1327ee3a (webtiles) character file.

Game seed: 11055713697792181551, levelgen mode: classic

32099 Borgoz the Fencer (level 13, 0/177 HPs)
             Began as a Minotaur Berserker on Dec 15, 2019.
             Was an Elder of Trog.
             Succumbed to Nessos's poison
             ... on level 14 of the Dungeon.
             The game lasted 00:23:58 (13210 turns).

Borgoz the Fencer (Minotaur Berserker)             Turns: 13210, Time: 00:23:58

Health: 0/177      AC: 15    Str: 29    XL:     13   Next: 29%
Magic:  16/16      EV: 17    Int:  6    God:    Trog [****..]
Gold:   906        SH:  0    Dex: 13    Spells: 12/12 levels left

rFire    . . .     SeeInvis .   a - +8 demon blade "Bloodbane" {slice, *Rage +Rage Stlth-}
rCold    + . .     Gourm    .   (no shield)
rNeg     . . .     Faith    .   E - +0 ring mail of Ydaunety {MR+ Dex+2}
rPois    .         Spirit   .   (helmet restricted)
rElec    .         Reflect  .   (no cloak)
rCorr    .         Harm     .   s - +1 pair of gloves
MR       +++..     Rnd*Rage +   q - +0 pair of boots
Stlth    ..........             L - amulet of rage
HPRegen  1.39/turn              m - +4 ring of protection
MPRegen  0.15/turn              n - ring of protection from cold

@: berserking (expiring), lethally poisoned (0 -> -4), regenerating, very quick
A: retaliatory headbutt, horns 2, screaming 1
a: Berserk, Trog's Hand, Brothers in Arms, Renounce Religion, Evoke Berserk Rage


You were on level 14 of the Dungeon.
You worshipped Trog.
Trog was greatly pleased with you.
You were hungry.

You visited 2 branches of the dungeon, and saw 15 of its levels.

You collected 906 gold pieces.

Inventory:

Hand Weapons
 a - the +8 demon blade "Bloodbane" (weapon) {slice, *Rage +Rage Stlth-}
   (You found it on level 4 of the Dungeon)

   It inflicts extra damage upon your enemies.
   It lets you go berserk.
   It may make you go berserk in combat.
   It makes you less stealthy.
 w - the +10 morningstar of Annoyance {antimagic, *Contam rN++ MP+9 Stlth+}
   (You found it on level 4 of the Dungeon)

   It reduces the magical energy of the wielder, and disrupts the spells and
   magical abilities of those hit.
   Natural abilities and divine invocations are not affected.
   It greatly protects you from negative energy.
   It affects your magic capacity (+9).
   It causes magical contamination when unequipped.
   It makes you more stealthy.
 z - a +3 great sword of slicing
 I - the +6 whip of Spite {pain, rPois rC+ rN+ Str+7}
   (You found it on level 11 of the Dungeon)

   In the hands of one skilled in necromantic magic, it inflicts extra damage on
   living creatures.
   It affects your strength (+7).
   It protects you from cold.
   It protects you from poison.
   It protects you from negative energy.
 P - a +10 long sword
Missiles
 p - 2 throwing nets (quivered)
Armour
 i - a +1 ring mail of fire resistance
 q - a +0 pair of boots (worn)
 s - a +1 pair of gloves (worn)
 E - the +0 ring mail of Ydaunety (worn) {MR+ Dex+2}
   (You found it on level 6 of the Dungeon)

   It affects your dexterity (+2).
   It affects your resistance to hostile enchantments.
Jewellery
 b - an uncursed ring of protection from cold
 m - a +4 ring of protection (left hand)
 n - a ring of protection from cold (right hand)
 B - an uncursed amulet of harm
 L - an amulet of rage (around neck)
Wands
 h - a wand of paralysis (9)
 y - a wand of random effects (28)
 C - a wand of flame (19)
 D - a wand of iceblast (7)
 G - a wand of acid (4)
 N - a wand of disintegration (19)
Scrolls
 d - 4 scrolls of enchant weapon
 e - 10 scrolls of teleportation
 j - 4 scrolls of remove curse
 H - a scroll of enchant armour
 J - a scroll of fear
 Q - a scroll of magic mapping {unknown}
 R - a scroll of fog
 S - a scroll of blinking
 T - a scroll of silence
Potions
 f - 3 potions of flight {unknown}
 g - 2 potions of cancellation {unknown}
 k - 3 potions of agility
 l - a potion of invisibility
 o - a potion of resistance
 r - 5 potions of curing {unknown}
 t - 3 potions of haste
 u - 2 potions of magic {unknown}
 v - a potion of brilliance {unknown}
 x - a potion of lignification {unknown}
 A - 3 potions of berserk rage {unknown}
 F - 2 potions of mutation {unknown}
 K - a potion of heal wounds
 O - a potion of might
Comestibles
 c - 27 rations
 M - 4 chunks of flesh


   Skills:
 + Level 12.0 Fighting
 * Level 15.0 Long Blades
 - Level 6.5 Maces & Flails
 + Level 11.8 Armour
 + Level 10.9 Dodging
 + Level 6.3 Evocations


You had 12 spell levels left.
You didn't know any spells.
Your spell library was empty.

Dungeon Overview and Level Annotations

Branches:
Dungeon (14/15)            Temple (1/1) D:5            Lair (0/6) D:11
    Orc (0/2) D:11         Vaults (0/5) D:13

Altars:
Ashenzari
Cheibriados
Dithmenos
Elyvilon
Fedhas
Gozag
Hepliaklqana
Kikubaaqudgha
Makhleb
Nemelex Xobeh
Okawaru
Qazlal
Ru
Sif Muna
Trog
Uskayaw
Vehumet
Wu Jian
Xom
Yredelemnul
Zin
The Shining One

Shops:
D:13 =


Innate Abilities, Weirdness & Mutations

You reflexively headbutt those who attack you in melee.
You have a pair of horns on your head.
You occasionally shout uncontrollably at your foes.


Message History

You feel sick. The wyvern closely misses you.
You riposte.
You barely miss the wyvern.
The wyvern is heavily wounded.
You closely miss the wyvern.
The wyvern is heavily wounded.
* * * LOW HITPOINT WARNING * * *
You feel sick.
You cut the wyvern into ribbons!!!
You kill the wyvern!
Trog accepts your kill.
* * * LOW HITPOINT WARNING * * *
You feel sick.
* * * LOW HITPOINT WARNING * * *
You feel sick.
An eye of draining comes into view.
Things that are here:
3 arrows; a +0 giant club; an ogre skeleton You feel a strong urge to attack something.
A centaur warrior skeleton comes into view.
You die...

.Z .G# # # #. #.. ..
. .. #.# .(.#.#. .?#
...#. #.# .. ... #.#
## .. #.##.# #. .##
.# #.@(.#####.#.. .#
#†##((........ ...
... #..#####.####..#
#.#. #..#####.......#
#.#.##...##..........
......(.....#..#..#.
# #.##.#...#.(#.(#
....#.†(.#.(#..#
#.##.#†(...#..#..#


You could see a centaur warrior skeleton (wandering).

Vanquished Creatures
  An ironheart preserver (D:13)
  Nessos (D:14)
  7 slime creatures
  Josephine (D:11)
  A hydra (D:11)
  Erolcha (D:9)
  A two-headed ogre (D:13)
  3 death yaks (D:11)
  The ghost of bmj180 the Protected, a novice GnWn (D:7)
  2 unseen horrors
  5 ugly things
  A cyclops (shapeshifter) (D:13)
  A moth of wrath (D:7)
  A cyclops (D:14)
  3 centaur zombies (D:13)
  A freezing wraith (D:14)
  A komodo dragon (D:14)
  4 yaktaurs (D:11)
  2 trolls
  A tengu conjurer (D:13)
  A hornet (D:14)
  6 hippogriffs
  A meliai zombie (D:13)
  A shadow (D:9)
  5 wraiths (D:11)
  12 yaks
  3 wyverns
  A hungry ghost (D:9)
  4 vampire mosquitoes (D:14)
  An acid dragon (D:14)
  2 soldier ants (D:13)
  A porcupine (D:11)
  A water moccasin (D:9)
  7 orc warriors
  6 ice beasts
  4 sky beasts
  An eye of draining (D:13)
  3 phantoms
  10 ogres
  A black bear (D:11)
  7 centaurs
  5 big kobolds
  3 bullfrogs
  A gnoll sergeant (D:8)
  2 wyvern skeletons
  6 scorpions
  31 killer bees
  10 wights
  6 howler monkeys (D:8)
  3 electric eels (D:10)
  9 crimson imps
  A bullfrog zombie (D:13)
  3 quasits
  5 jellies
  Crazy Yiuf (D:7)
  A bullfrog skeleton (D:10)
  7 orc priests
  6 hounds
  3 iguanas
  4 centaur skeletons
  7 orc wizards
  Jessica (D:2)
  A hell rat (D:11)
  5 worker ants
  A killer bee zombie (D:8)
  A hound skeleton (D:5)
  A hound zombie (D:6)
  A howler monkey zombie (D:6)
  A worker ant zombie (D:8)
  Robin (D:3)
  13 adders
  6 gnolls
  A howler monkey skeleton (D:4)
  A shadow imp (D:10)
  7 oozes
  An adder skeleton (D:8)
  An adder zombie (D:5)
  2 worms
  A dart slug (D:3)
  2 leopard geckos
  39 orcs
  4 ball pythons
  7 giant cockroaches
  15 goblins
  3 hobgoblins
  12 jackals
  8 quokkas
  6 bats
  4 frilled lizards
  22 kobolds
  8 rats
  2 fungi (D:7)
409 creatures vanquished.

Notes
Turn   | Place    | Note
-------+----------+-------------------------------------------
     0 | D:1      | Borgoz the Minotaur Berserker began the quest for the Orb.
     0 | D:1      | Reached XP level 1. HP: 19/19 MP: 0/0
    46 | D:1      | Reached skill level 4 in Long Blades
    46 | D:1      | Reached XP level 2. HP: 11/27 MP: 1/1
   777 | D:2      | Reached XP level 3. HP: 31/33 MP: 2/2
   825 | D:2      | Reached ** piety under Trog
   896 | D:2      | Found a glowing golden altar of the Shining One.
   906 | D:2      | Noticed Jessica
   914 | D:2      | Killed Jessica
   914 | D:2      | Reached XP level 4. HP: 25/40 MP: 3/3
  1459 | D:3      | Found a shimmering altar of Xom.
  1464 | D:3      | Reached skill level 5 in Long Blades
  1615 | D:3      | Reached XP level 5. HP: 41/47 MP: 4/4
  1674 | D:3      | Found a snail-covered altar of Cheibriados.
  1691 | D:3      | Noticed Robin
  1710 | D:3      | Reached *** piety under Trog
  1717 | D:3      | Killed Robin
  1821 | D:3      | Found an iron altar of Okawaru.
  2134 | D:4      | Found a blossoming altar of Fedhas.
  2138 | D:4      | Found a stormy altar of Qazlal.
  2152 | D:4      | Reached XP level 6. HP: 55/55 MP: 5/5
  2196 | D:4      | Got a transparent morningstar
  2197 | D:4      | Identified the +10 morningstar of Annoyance {antimagic,
                  | *Contam rN++ MP+9 Stlth+} (You found it on level 4 of the
                  | Dungeon)
  2237 | D:4      | Found a sacrificial altar of Ru.
  2243 | D:4      | Reached skill level 6 in Long Blades
  2379 | D:4      | Reached skill level 5 in Fighting
  2492 | D:4      | You fall into a shaft and drop 3 floors!
  2494 | D:7      | Noticed an orc warrior
  2502 | D:7      | Killed an orc warrior
  2608 | D:7      | Reached XP level 7. HP: 48/61 MP: 5/6
  2617 | D:7      | Reached skill level 7 in Long Blades
  2724 | D:7      | Found a transporter.
  2727 | D:7      | Found a transporter.
  2731 | D:7      | Found a bloodstained altar of Trog.
  2738 | D:7      | Noticed a troll
  2739 | D:7      | Noticed a moth of wrath
  2739 | D:7      | Noticed bmj180's ghost (novice GnWn)
  2786 | D:7      | Reached skill level 5 in Armour
  2906 | D:7      | Reached skill level 8 in Long Blades
  2906 | D:7      | Reached XP level 8. HP: 60/70 MP: 5/7
  3031 | D:6      | Reached skill level 1 in Maces & Flails
  3031 | D:6      | Reached skill level 5 in Dodging
  3084 | D:6      | Noticed a hippogriff
  3089 | D:6      | Killed a hippogriff
  3221 | D:6      | Got a pitted ring mail
  3243 | D:6      | Identified the cursed +0 ring mail of Ydaunety {MR+ Dex+2}
                  | (You found it on level 6 of the Dungeon)
  3288 | D:5      | Entered Level 5 of the Dungeon
  3420 | D:5      | Reached **** piety under Trog
  3495 | D:5      | Found a staircase to the Ecumenical Temple.
  3575 | Temple   | Entered the Ecumenical Temple
  4389 | D:4      | Found the +8 demon blade "Bloodbane" {slice, *Rage +Rage
                  | Stlth-}
  4405 | D:4      | Gained mutation: You occasionally shout uncontrollably at
                  | your foes. [mutagenic glow]
  4975 | D:6      | Reached XP level 9. HP: 79/79 MP: 8/8
  5332 | D:7      | Found a runed translucent door.
  5333 | D:7      | Noticed Crazy Yiuf
  5337 | D:7      | Killed Crazy Yiuf
  5425 | D:8      | Reached skill level 9 in Long Blades
  6175 | D:9      | Noticed Erolcha
  6178 | D:9      | Killed Erolcha
  6178 | D:9      | Reached skill level 10 in Long Blades
  6231 | D:9      | Reached XP level 10. HP: 90/90 MP: 9/9
  6563 | D:10     | Entered Level 10 of the Dungeon
  6580 | D:10     | Reached skill level 11 in Long Blades
  6583 | D:10     | Reached ***** piety under Trog
  6583 | D:10     | Received a gift from Trog
  7254 | D:10     | Found a transporter.
  7304 | D:10     | Reached skill level 1 in Evocations
  7446 | D:10     | Killed an enormous slime creature
  7446 | D:10     | Reached skill level 12 in Long Blades
  7758 | D:10     | Found a transporter.
  7941 | D:11     | Reached XP level 11. HP: 31/99 MP: 11/11
  7959 | D:11     | Got a jewelled whip
  7960 | D:11     | Identified the +6 whip of Spite {pain, rPois rC+ rN+ Str+7}
                  | (You found it on level 11 of the Dungeon)
  7975 | D:11     | Noticed Josephine
  8197 | D:11     | Killed Josephine
  8207 | D:11     | Reached skill level 5 in Maces & Flails
  8374 | D:11     | Noticed a six-headed hydra
  8381 | D:11     | Killed a six-headed hydra
  8381 | D:11     | Reached skill level 10 in Fighting
  8539 | D:11     | Noticed a purple ugly thing
  8548 | D:11     | Killed a purple ugly thing
  8684 | D:11     | Noticed a cyan ugly thing
  8695 | D:11     | Killed a cyan ugly thing
  9383 | D:11     | Reached skill level 10 in Armour
  9387 | D:11     | Noticed a death yak
  9389 | D:11     | Found a staircase to the Lair.
  9389 | D:11     | Noticed a death yak
  9389 | D:11     | Noticed a death yak
  9394 | D:11     | Killed a death yak
  9394 | D:11     | Received a gift from Trog
  9398 | D:11     | Killed a death yak
  9407 | D:11     | Killed a death yak
  9697 | D:11     | Found a staircase to the Orcish Mines.
 10082 | D:11     | Killed an unseen horror
 10170 | D:10     | Reached skill level 13 in Long Blades
 10170 | D:10     | Reached XP level 12. HP: 108/108 MP: 14/14
 10327 | D:7      | Killed bmj180's ghost
 10484 | D:5      | Found a bloodstained altar of Trog.
 10484 | D:5      | Found a white marble altar of Elyvilon.
 10866 | D:12     | Reached skill level 10 in Dodging
 10876 | D:12     | Reached skill level 5 in Evocations
 12107 | D:13     | Reached skill level 14 in Long Blades
 12113 | D:13     | Received a gift from Trog
 12199 | D:13     | Noticed a two-headed ogre
 12208 | D:13     | Killed a two-headed ogre
 12270 | D:13     | Found a gate to the Vaults.
 12270 | D:13     | Noticed an ironheart preserver
 12285 | D:13     | Killed an ironheart preserver
 12497 | D:13     | Reached XP level 13. HP: 89/117 MP: 16/16
 12825 | D:13     | Found Hist's Jewellery Shop.
 13183 | D:14     | Noticed Nessos
 13197 | D:14     | Killed Nessos
 13200 | D:14     | Reached skill level 15 in Long Blades
 13203 | D:14     | HP: 3/177 [komodo dragon (22)]
 13207 | D:14     | HP: 1/177 [poisoned by Nessos]
 13210 | D:14     | Succumbed to Nessos's poison

Levels and vault maps discovered:
D:1:      dpeg_arrival_windows_large_door, layout_rooms
D:2:      layout_rooms, tso_metal_star, minmay_ruptured, uniq_jessica
D:3:      layout_basic, kennysheep_slug_shrine, nicolae_overflow_crystal_walls,
          first_ration, okawaru_gym_becter, uniq_robin
D:4:      layout_loops_ring, grunt_temple_overflow_forces_of_nature,
          nicolae_ru_great_annihilating_truth
D:5:      layout_layer_cave, nicolae_overflow_hidden_temple,
          minmay_temple_entry_drinking_statues
D:6:      layout_basic, cheibrodos_sewer_entry_bend
D:7:      layout_cave_pools, gammafunk_ghost_wrathful_warriors,
          minmay_misc_feat_secret_circle, uniq_crazy_yiuf_cottage
D:8:      layout_loops_cross
D:9:      layout_roguey, uniq_erolcha
D:10:     gammafunk_jiyva_shrine, layout_basic
D:11:     layout_roguey, dpeg_lair_monsters, orc_0_dummy,
          hangedman_little_slice_of_home, uniq_josephine
D:12:     layout_stronghold
D:13:     layout_basic, skrybe_vaults_entry_preservation, serial_shops, shop
D:14:     layout_loops_cross, basic_altar, minmay_misc_feat_diagonals,
          minmay_diced_spiral, uniq_nessos
Temple:   regret_index_temple_generic_petals

Skill      XL: |  1  2  3  4  5  6  7  8  9 10 11 12 13 |
---------------+----------------------------------------+-----
Long Blades    | 4 5 6 8 10 12 13 14 15 | 15.0
Fighting       | 4 5 6 7 8 9 10 11 12 | 12.0
Armour         | 3 4 5 6 8 9 10 11 | 11.8
Dodging        | 3 4 6 7 8 9 10 | 10.9
Maces & Flails | 4 6 |  6.5
Evocations     | 2 4 5 6 |  6.3

Action                   |  1- 3 |  4- 6 |  7- 9 | 10-12 | 13-15 || total
-------------------------+-------+-------+-------+-------+-------++-------
Melee: Falchion          |    78 |    77 |       |       |       ||   155
       Headbutt          |    11 |    17 |    32 |   107 |    22 ||   189
       Morningstar       |       |    19 |    64 |       |       ||    83
       Demon blade       |       |       |    87 |   354 |    69 ||   510
       Whip              |       |       |       |    88 |       ||    88
Throw: Throwing net      |       |       |       |     2 |       ||     2
Invok: Berserk           |       |     2 |       |     3 |     1 ||     6
       Trog's Hand       |       |     1 |     1 |     5 |     1 ||     8
Evoke: Wand              |       |       |       |     1 |       ||     1
  Use: Scroll            |     3 |       |    12 |     5 |       ||    20
       Potion            |     1 |       |       |     1 |     1 ||     3
 Stab: Sleeping          |       |     1 |     2 |       |       ||     3
       Held in net/web   |       |       |       |     1 |       ||     1
  Eat: Chunk             |       |     8 |    11 |    20 |     3 ||    42
       Ration            |       |       |       |     2 |       ||     2
Armor: Animal skin       |     6 |       |       |       |       ||     6
       Ring mail         |    25 |    49 |    74 |   106 |    18 ||   272
Dodge: Dodged            |    68 |    81 |   117 |   297 |    48 ||   611
       Rpst.: Falchion   |    17 |     9 |       |       |       ||    26
       Demon blade       |       |       |    13 |    60 |    12 ||    85

Table legend:
 A = Non-vault XP
 B = Vault XP
 C = Vault XP percentage of total XP
 D = Non-vault monster count
 E = Vault monster count
 F = Vault count percentage of total count
                 A         B        C        D         E       F
            +---------+---------+-------+---------+---------+-------
      Total |   32091 |   13765 |  30.0 |     343 |      64 |  15.7
            +---------+---------+-------+---------+---------+-------
        D:1 |      31 |       0 |   0.0 |      18 |       0 |   0.0
        D:2 |      44 |      51 |  53.7 |      16 |       5 |  23.8
        D:3 |     196 |      38 |  16.2 |      27 |      12 |  30.8
        D:4 |      70 |      55 |  44.0 |       5 |       4 |  44.4
        D:5 |     396 |       0 |   0.0 |      20 |       0 |   0.0
        D:6 |    1057 |       5 |   0.5 |      22 |       1 |   4.3
        D:7 |    1003 |    2116 |  67.8 |      23 |       8 |  25.8
        D:8 |    1282 |       0 |   0.0 |      34 |       0 |   0.0
        D:9 |    1049 |     982 |  48.4 |       8 |       1 |  11.1
       D:10 |    6170 |       0 |   0.0 |      39 |       0 |   0.0
       D:11 |    6195 |    5317 |  46.2 |      29 |      21 |  42.0
       D:12 |    3835 |       0 |   0.0 |      54 |       0 |   0.0
       D:13 |    7741 |    3366 |  30.3 |      33 |       9 |  21.4
       D:14 |    3022 |    1835 |  37.8 |      15 |       3 |  16.7
            +---------+---------+-------+---------+---------+-------
